Map: Whirlwind LE (Void)

Players

Musumeci - Winner!

  • Race: Zerg Zerg
  • League: Diamond
  • Spawn Location: 5:00

CreativeminD

  • Race: Protoss Protoss
  • League: Diamond
  • Spawn Location: 11:00

VOD

Have the link to the VOD?

Description

Time

  • Played on: Jan. 9, 2017, 7:15 a.m.
  • Length: 4:45
Show
View Real Time Build Order
Export as new Build Order

Musumeci Zerg - Winner!

Build Orders: Hatch First 

Get SALT Encoding   

  12  0:00  Drone  
  13  0:08  Drone  
  14  0:20  Drone, Extractor  
  15  0:42  Hatchery  
  14  0:46  Drone, Extractor  
  15  1:02  Spawning Pool  
  14  1:13  Drone, Extractor  
  14  1:15  Extractor  
  14  1:16  Drone  
  15  1:20  Overlord  
  15  1:38  Drone  
  15  1:39  Drone  
  17  1:45  Drone  
  18  2:00  Zergling x4  
  20  2:01  Queen  
  20  2:08  Queen  
  24  2:35  Zergling x8  
  28  2:37  Metabolic Boost  
  28  2:42  Baneling Nest  
  27  2:46  Drone  
  28  3:23  Spore Crawler  
  28  3:25  Drone  
  28  3:26  Overlord  
  28  3:27  Overlord x2  
  28  3:49  Zergling x14  
  35  4:03  Drone x4  
  35  4:09  Spore Crawler  
  38  4:19  Zergling x4  
Show
View Real Time Build Order
Export as new Build Order

CreativeminD Protoss 

Build Orders:  

Get SALT Encoding   

Tags
 
Add a new tag
Caveats
  • Supply blocks, unpowered buildings, or Contaminate may cause inaccurate times.
  • Supply counts are checked every 10 seconds.